 Dungeon Crawl Stone Soup version 0.23.2-33-g5129a83184 (webtiles) character file.

Game seed: 16467901762799575481

74 colophon the Sneak (level 4, 0/26 HPs)
             Began as a Kobold Enchanter on July 27, 2019.
             Was an Initiate of Okawaru.
             Slain by a gnoll
             ... wielding a +0 spear
              (9 damage)
             ... on level 2 of the Dungeon.
             The game lasted 00:10:48 (4430 turns).

colophon the Sneak (Kobold Enchanter)               Turns: 4430, Time: 00:10:48

Health: 0/26       AC:  4    Str:  5    XL:     4   Next: 54%
Magic:  0/8        EV: 15    Int: 16    God:    Okawaru [......]
Gold:   106        SH:  4    Dex: 16    Spells: 2/8 levels left

rFire    . . .     SeeInvis .   a - +2 dagger
rCold    . . .     Gourm    .   f - +0 buckler
rNeg     . . .     Faith    .   b - +0 robe
rPois    .         Spirit   .   r - +1 helmet
rElec    .         Reflect  .   (no cloak)
rCorr    .         Harm     .   (no gloves)
MR       .....                  (no boots)
Stlth    +++.......             (no amulet)
HPRegen  0.08/turn              (no ring)
MPRegen  0.11/turn              (no ring)

@: no status effects
A: small, carnivore
a: Renounce Religion


You were on level 2 of the Dungeon.
You worshipped Okawaru.
Okawaru was noncommittal.
You were not hungry.

You visited 1 branch of the dungeon, and saw 2 of its levels.

You collected 106 gold pieces.

Inventory:

Hand Weapons
 a - a +2 dagger (weapon)
Armour
 b - a +0 robe (worn)
 f - a +0 buckler (worn)
 r - a +1 helmet (worn)
Scrolls
 g - 2 scrolls of enchant weapon
 i - a scroll of enchant armour {unknown}
 j - 2 scrolls of remove curse
 l - 3 scrolls of fog
 n - a scroll of teleportation {unknown}
 o - a scroll of magic mapping {unknown}
 q - a scroll of amnesia {unknown}
Potions
 c - 2 potions of brilliance {unknown}
 e - 2 potions of magic {unknown}
 h - a potion of might {unknown}
 k - a potion of invisibility {unknown}
 m - a potion of haste {unknown}
 p - a potion of agility {unknown}
Comestibles
 d - 8 rations


   Skills:
 + Level 1.7 Fighting
 + Level 2.6 Short Blades
 + Level 3.1 Dodging
 + Level 4.7 Stealth
 + Level 2.7 Spellcasting
 - Level 3.0 Hexes


You had 2 spell levels left.
You knew the following spells:

 Your Spells              Type           Power        Failure   Level  Hunger
a - Corona                Hex            ##.....      10%         1    #......
b - Ensorcelled Hibernat  Hex/Ice        #.....       26%         2    ##.....
c - Confuse               Hex            ##......     28%         3    ###....

Your spell library contained the following spells:

 Spells                   Type           Power        Failure   Level  Hunger
 Tukima's Dance           Hex            ##......     28%         3    ###....
 Dazzling Spray           Conj/Hex       #.....       45%         3    ###....


Dungeon Overview and Level Annotations

Branches:
Dungeon (2/15)

Altars:
Fedhas
Makhleb
Okawaru
Uskayaw
Vehumet


Innate Abilities, Weirdness & Mutations

You are small and have problems with some larger weapons.
You are carnivorous and can eat meat at any time.


Message History

You hit the gnoll.
The gnoll is lightly wounded.
The gnoll completely misses you.
You hit the gnoll.
The gnoll is moderately wounded.
The gnoll closely misses you.
Casting: Confuse (safe; 28% risk of failure)
Confirm with . or Enter, or press ? or * to list all spells.
Aiming: Ensorcelled Hibernation (safe; 26% risk of failure)
Press: ? - help, Shift-Dir - straight line, f - gnoll, p - gnoll
Aim: a gnoll, wielding a +0 spear (chance to defeat MR: 48%)
The gnoll resists with some effort.
The gnoll misses you. The gnoll hits you with a +0 halberd.
The gnoll closely misses you.
You hit the gnoll.
The gnoll is lightly wounded.
The gnoll hits you with a +0 halberd! The gnoll hits you with a +0 spear.
You hit the gnoll.
The gnoll is moderately wounded.
The gnoll hits you with a +0 spear!
You die... #################### ...................# .PPP........####.#.###### PPP.P######## #.#.##...## PP_PP#

#.........# PPP..#
#..#......# .PPP.#
#######g........# #
..#..#####......@g.......#
#
...........#####.#.......#
#
#######.####....<##......#
### #.# #.#######.....##.
.##) #.# #.#
##....###'###. #.# #.#
####.#.....#. ## #.# #.#
#......... .# #.# #.#
###.....## .# #.# #.#
#####'###.


You could see 2 gnolls.

Vanquished Creatures
  A gnoll (D:1)
  3 adders (D:2)
  2 worms (D:2)
  A dart slug (D:1)
  A leopard gecko (D:2)
  4 bats
  4 goblins (D:2)
  3 hobgoblins
  2 quokkas (D:2)
  A frilled lizard (D:2)
  4 kobolds (D:2)
  3 rats (D:2)
29 creatures vanquished.

Notes
Turn   | Place    | Note
-------+----------+-------------------------------------------
     0 | D:1      | colophon the Kobold Enchanter began the quest for the Orb.
     0 | D:1      | Reached XP level 1. HP: 10/10 MP: 3/3
   769 | D:1      | Reached XP level 2. HP: 6/16 MP: 1/5
   779 | D:1      | Learned a level 2 spell: Ensorcelled Hibernation
  1841 | D:2      | Found a blossoming altar of Fedhas.
  1939 | D:2      | Reached skill level 1 in Fighting
  1939 | D:2      | Reached XP level 3. HP: 20/20 MP: 6/6
  2583 | D:2      | Found an iron altar of Okawaru.
  2587 | D:2      | Became a worshipper of Warmaster Okawaru
  2593 | D:2      | Found a hide-covered altar of Uskayaw.
  2598 | D:2      | Found a radiant altar of Vehumet.
  2621 | D:2      | Found a burning altar of Makhleb.
  2683 | D:2      | Reached XP level 4. HP: 14/25 MP: 1/7
  3969 | D:1      | Learned a level 3 spell: Confuse
  4430 | D:2      | Slain by a gnoll

Skill      XL: |  1  2  3 |
---------------+----------+-----
Fighting       | 1 |  1.7
Short Blades   | 2 |  2.6
Dodging        | 3 |  3.1
Stealth        | |  4.7
Spellcasting   | |  2.7
Hexes          | |  3.0

Action                   |  1- 3 |  4- 6 || total
-------------------------+-------+-------++-------
Melee: Dagger            |    80 |    25 ||   105
 Cast: Corona            |     5 |       ||     5
       Ensorcelled Hiber |    14 |    13 ||    27
       Confuse           |       |     2 ||     2
  Use: Scroll            |     3 |       ||     3
 Stab: Sleeping          |    13 |     4 ||    17
  Eat: Chunk             |    15 |     1 ||    16
Armor: Robe              |    15 |     2 ||    17
Dodge: Dodged            |    60 |    38 ||    98
Block: Buckler           |     3 |    11 ||    14
